Map: Abyssal Reef LE

Players

SortOf - Winner!

  • Race: Zerg Zerg
  • Spawn Location: 5:00

Pokebunny

  • Race: Terran Terran
  • Spawn Location: 11:00

Event: WCS Montreal 2017

VOD

Have the link to the VOD?

Description

Time

  • Played on: Sept. 8, 2017, 2:28 p.m.
  • Length: 9:58

All games in this series

Show
View Real Time Build Order
Export as new Build Order

SortOf Zerg - Winner!

Build Orders: Pool First 

Get SALT Encoding   

  12  0:00  Drone  
  13  0:13  Overlord  
  13  0:17  Drone  
  14  0:31  Drone x2  
  16  0:35  Drone  
  17  0:46  Spawning Pool  
  17  0:49  Drone  
  17  0:56  Drone  
  18  1:02  Extractor  
  17  1:15  Drone  
  17  1:17  Hatchery  
  17  1:20  Drone  
  18  1:33  Queen  
  18  1:34  Zergling x2  
  21  1:40  Overlord  
  21  1:50  Drone  
  22  1:59  Roach Warren  
  21  2:01  Drone  
  22  2:09  Queen  
  24  2:16  Overlord  
  24  2:39  Roach  
  24  2:40  Roach  
  24  2:41  Roach x2  
  24  2:42  Roach  
  34  2:45  Drone  
  34  2:49  Drone  
  34  2:50  Drone  
  36  2:55  Drone  
  36  2:57  Drone  
  38  3:04  Roach  
  40  3:06  Ravager  
  40  3:09  Overlord  
  41  3:14  Drone  
  41  3:19  Drone x2  
  44  3:26  Overlord  
  44  3:29  Drone x2  
  44  3:32  Ravager  
  44  3:33  Drone  
  48  3:35  Drone  
  49  3:45  Drone x2  
  49  3:50  Drone x2  
  49  3:53  Drone  
  49  3:55  Ravager  
  53  4:00  Hatchery  
  52  4:07  Drone x2  
  52  4:08  Drone  
  55  4:10  Drone x2  
  55  4:12  Drone  
  58  4:18  Overlord  
  58  4:22  Queen  
  60  4:25  Extractor  
  60  4:26  Metabolic Boost, Evolution Chamber  
  48  4:50  Drone x3  
  48  4:51  Drone  
  48  4:52  Queen  
  54  4:54  Overlord  
  54  4:56  Drone x6  
  54  4:57  Drone x2  
  62  5:02  Queen  
  62  5:04  Extractor  
  62  5:06  Zerg Ground Armor Level 1  
  63  5:12  Roach  
  63  5:13  Zergling x6  
  68  5:18  Overlord  
  68  5:21  Queen  
  70  5:23  Overlord  
  70  5:25  Roach  
  72  5:31  Roach x3  
  72  5:33  Overlord  
  78  5:37  Overlord, Drone  
  78  5:39  Roach  
  78  5:40  Roach  
  83  5:47  Roach x2  
  83  5:48  Roach  
  89  5:53  Drone  
  89  5:54  Drone x4  
  94  6:00  Roach x4  
  94  6:03  Overlord  
  102  6:09  Drone x2  
  102  6:10  Extractor  
  103  6:11  Lair  
  103  6:14  Extractor, Drone  
  103  6:17  Drone x2  
  106  6:18  Drone  
  106  6:23  Drone x2  
  106  6:24  Baneling Nest  
  107  6:26  Drone x2  
  107  6:30  Drone x2  
  111  6:33  Spore Crawler  
  111  6:34  Extractor  
  111  6:36  Overlord  
  111  6:38  Drone x2  
  111  6:44  Hatchery  
  110  6:47  Roach  
  110  6:48  Roach  
  110  6:53  Overlord  
  110  6:54  Overlord  
  114  6:56  Queen  
  114  6:57  Drone  
  114  6:58  Drone  
  118  7:02  Zergling x10, Evolution Chamber  
  118  7:06  Overlord  
  122  7:09  Overlord  
  122  7:12  Overlord  
  122  7:13  Ravager  
  123  7:16  Ravager x7  
  123  7:17  Zergling x6  
  130  7:25  Zergling x4, Baneling x2  
  131  7:32  Roach, Drone  
  131  7:35  Roach x2  
  123  7:38  Roach x4  
  123  7:39  Roach  
  123  7:40  Roach  
  126  7:45  Roach  
  126  7:46  Roach x2  
  126  7:47  Drone  
  126  7:51  Glial Reconstitution  
  131  7:59  Roach x3  
  131  8:03  Zergling x4  
  131  8:04  Zergling x2  
  140  8:08  Zergling x4  
  142  8:16  Zergling x8  
  142  8:19  Centrifical Hooks  
  146  8:22  Zergling x8  
  146  8:23  Zergling x4  
  152  8:28  Queen  
  151  8:36  Roach x4  
  151  8:37  Roach  
  160  8:42  Roach  
  160  8:44  Overlord  
  146  9:00  Roach x4  
  125  9:04  Roach  
  125  9:05  Roach  
  125  9:07  Roach x3  
  125  9:09  Roach x2  
  121  9:10  Roach x2  
  121  9:13  Roach x3  
  118  9:18  Queen  
  118  9:20  Infestation Pit  
  118  9:22  Drone x3  
  122  9:26  Overseer, Baneling x4  
  122  9:28  Ravager x5  
  127  9:31  Drone x2  
  127  9:35  Baneling  
  127  9:36  Baneling x6  
  129  9:40  Drone x2  
  129  9:43  Overseer  
Show
View Real Time Build Order
Export as new Build Order

Pokebunny Terran 

Build Orders: Reaper Expand, MMM Bio 

Get SALT Encoding   

  12  0:00  SCV  
  13  0:12  SCV  
  14  0:17  Supply Depot  
  14  0:24  SCV  
  15  0:38  SCV  
  15  0:40  Barracks  
  16  0:44  Refinery  
  16  0:50  SCV  
  17  1:03  SCV  
  18  1:15  SCV  
  19  1:28  Orbital Command, Reaper  
  20  1:40  Command Center  
  20  1:50  Barracks  
  20  1:54  SCV  
  21  2:01  Refinery  
  21  2:03  Barracks Reactor  
  21  2:06  SCV  
  22  2:11  Supply Depot  
  22  2:18  SCV  
  23  2:25  Factory  
  23  2:32  SCV  
  24  2:37  Barracks Tech Lab  
  24  2:38  Marine x2  
  26  2:48  SCV  
  27  2:56  Stimpack  
  27  2:59  Marine x3  
  27  3:00  SCV  
  31  3:06  Orbital Command  
  31  3:12  SCV  
  32  3:16  Bunker  
  33  3:22  Cyclone  
  33  3:25  Marine  
  36  3:27  Marine  
  36  3:30  Marine  
  36  3:33  SCV  
  39  3:35  SCV  
  39  3:50  Starport  
  39  3:53  Marine x3  
  42  3:57  Factory Tech Lab  
  42  3:59  SCV x2  
  42  4:01  Factory Reactor  
  44  4:10  Supply Depot  
  44  4:13  Marine x2  
  46  4:24  Supply Depot  
  46  4:28  Marine  
  46  4:30  SCV  
  46  4:32  SCV  
  46  4:38  Marine x2  
  40  4:46  Marine  
  40  4:49  SCV x2  
  40  4:51  Engineering Bay  
  42  4:52  Factory Tech Lab  
  42  4:54  Medivac x2  
  46  5:00  Factory Tech Lab, Marine x2  
  46  5:02  SCV x2  
  46  5:04  Marine  
  51  5:10  Barracks  
  51  5:13  Refinery  
  51  5:15  SCV x2  
  51  5:18  Terran Infantry Weapons Level 1  
  51  5:19  Siege Tank  
  56  5:25  Marine  
  56  5:26  Marine x2  
  59  5:31  SCV x2  
  59  5:32  Supply Depot  
  59  5:35  Starport Reactor  
  61  5:40  Combat Shields  
  61  5:46  Supply Depot  
  61  5:47  Marine  
  62  5:54  Siege Tank, Marine  
  66  5:59  Supply Depot  
  66  6:05  Marine  
  66  6:06  Barracks x2  
  67  6:13  Supply Depot  
  67  6:14  Medivac  
  69  6:20  Medivac  
  69  6:21  Marine  
  69  6:22  Marine  
  73  6:27  Marine  
  73  6:28  Marine x2  
  75  6:34  Siege Tank  
  75  6:36  SCV  
  75  6:37  SCV  
  80  6:43  Marine x2  
  82  6:48  SCV  
  82  6:53  Marine x3  
  86  6:54  Marine  
  86  6:56  Marine  
  86  6:57  Supply Depot  
  88  7:04  Marine  
  88  7:05  Marine  
  90  7:11  Marine x3  
  90  7:12  Marine  
  94  7:18  Supply Depot, Marine  
  94  7:19  Supply Depot  
  94  7:22  Marine  
  94  7:30  Liberator x2  
  94  7:31  Marine x2  
  94  7:32  Marine  
  94  7:33  Marine  
  94  7:34  Marine  
  94  7:36  Marine  
  93  7:40  Marine  
  93  7:44  Siege Tank  
  87  7:49  Marine x3  
  96  7:51  Marine  
  96  7:52  Marine  
  98  7:58  Marine  
  98  7:59  Marine  
  100  8:07  Marine  
  100  8:09  Supply Depot, Marine  
  100  8:10  Marine x3  
  105  8:16  Marine x2  
  107  8:25  Liberator, Siege Tank, Marine  
  107  8:26  Liberator  
  111  8:30  Marine x4  
  114  8:34  Marine  
  114  8:36  Marine  
  114  8:43  Marine  
  114  8:46  Supply Depot  
  114  8:48  Marine x2  
  118  8:59  Marine  
  118  9:00  Marine x2  
  97  9:08  Marine x3  
  97  9:09  Marine  
  74  9:17  Marine x2  
  74  9:18  Marine  
  74  9:20  Siege Tank  
  80  9:25  Medivac x2, Marine  
  80  9:26  Marine x2  
  80  9:27  Marine  
  88  9:35  Marine x2  
  88  9:36  Marine  
  94  9:46  Unknown  
Tags
 
Add a new tag
Caveats
  • Supply blocks, unpowered buildings, or Contaminate may cause inaccurate times.
  • Supply counts are checked every 10 seconds.